[Event "Marshall CC FIDE Premier January 2024"]
[Site "New York"]
[Date "2024.01.06"]
[Round "1.1"]
[White "Bortnyk, Mykola"]
[Black "Das, Aditeya"]
[Result "1-0"]
[ECO "B97"]
[WhiteElo "2421"]
[BlackElo "1791"]
[Annotator "RC"]
[PlyCount "77"]
[EventDate "2024.01.05"]
[EventType "swiss"]
[EventCountry "USA"]
[SourceTitle "playchess.com"]
[Source "ChessBase"]
[SourceQuality "1"]
[TimeControl "5400+30"]

1. e4 c5 2. Nf3 d6 3. d4 cxd4 4. Nxd4 Nf6 5. Nc3 a6 6. Bg5 e6 7. f4 Qb6 8. Qd2 Qxb2 9. Rb1 Qa3 10. e5 dxe5 11. fxe5 Nd5 12. Nxd5 exd5 13. c4 Be7 14. h4 Bxg5 15. hxg5 Qe7 16. cxd5 Qxe5+ 17. Kf2 O-O 18. Nf3 Qd6 19. Bd3 g6 20. Qc3 f6 21. Rh6 Nd7 22. Rbh1 Rf7 23. Bxg6 Rg7 24. Bxh7+ Kf7 25. Bf5 Qc5+ 26. Qxc5 Nxc5 27. gxf6 Bxf5 28. Ne5+ Kf8 29. Rh8+ Rg8 30. f7 Kg7 31. Rxg8+ Rxg8 32. fxg8=Q+ Kxg8 33. Ke3 Kg7 34. Rf1 Bg6 35. Rc1 b6 36. Nxg6 Kxg6 37. Rxc5 bxc5 38. Kd3 Kf5 39. Kc4 1-0

[Event "Marshall CC FIDE Premier January 2024"]
[Site "New York"]
[Date "2024.01.06"]
[Round "1.2"]
[White "Marsh, James J"]
[Black "Zeltsan, Joseph"]
[Result "0-1"]
[ECO "E05"]
[WhiteElo "1987"]
[BlackElo "2439"]
[Annotator "RC"]
[PlyCount "126"]
[EventDate "2024.01.05"]
[EventType "swiss"]
[EventCountry "USA"]
[SourceTitle "playchess.com"]
[Source "ChessBase"]
[SourceQuality "1"]
[TimeControl "5400+30"]

1. Nf3 d5 2. g3 Nf6 3. Bg2 e6 4. O-O Be7 5. c4 O-O 6. d4 dxc4 7. Qc2 a6 8. a4 Bd7 9. Rd1 Bc6 10. Bg5 Nbd7 11. Qxc4 h6 12. Bxf6 Nxf6 13. e3 Bd5 14. Qe2 c5 15. Nc3 Bc6 16. dxc5 Qa5 17. Nd4 Bxg2 18. Kxg2 Qxc5 19. Qc2 Rac8 20. Qb3 Qb4 21. Rac1 Qxb3 22. Nxb3 Rc6 23. Rd3 Rb6 24. Na2 Ng4 25. Rc2 Bf6 26. Na5 Ne5 27. Rb3 Rxb3 28. Nxb3 Nd3 29. Rc7 b5 30. Nc5 Nxb2 31. axb5 axb5 32. Rb7 Rc8 33. Rxb5 Nd1 34. Ne4 Nxe3+ 35. fxe3 Rc2+ 36. Kf3 Rxa2 37. Nxf6+ gxf6 38. h4 f5 39. g4 fxg4+ 40. Kxg4 Ra4+ 41. Kg3 Re4 42. Rb3 Kg7 43. Ra3 Kg6 44. Rb3 Kh5 45. Rc3 f5 46. Kf3 Kxh4 47. Rc8 Kg5 48. Re8 h5 49. Re7 Kf6 50. Rh7 h4 51. Rh8 Rg4 52. Rh6+ Ke5 53. Kf2 Kd5 54. Kf3 Rg3+ 55. Kf4 Rg4+ 56. Kf3 Ke5 57. Kf2 Rb4 58. Ke2 Rb2+ 59. Kf3 Rh2 60. Rg6 h3 61. Rh6 Rh1 62. Rh4 h2 63. Kf2 Ra1 0-1

[Event "Marshall CC FIDE Premier January 2024"]
[Site "New York"]
[Date "2024.01.06"]
[Round "1.3"]
[White "Brain, Logan"]
[Black "Panuganti, Kireet"]
[Result "1/2-1/2"]
[ECO "A21"]
[WhiteElo "2111"]
[BlackElo "1960"]
[Annotator "RC"]
[PlyCount "95"]
[EventDate "2024.01.05"]
[EventType "swiss"]
[EventCountry "USA"]
[SourceTitle "playchess.com"]
[Source "ChessBase"]
[SourceQuality "1"]
[TimeControl "5400+30"]

1. c4 g6 2. g3 Bg7 3. Bg2 e5 4. Nc3 d6 5. e3 f5 6. Nge2 Nf6 7. b3 O-O 8. O-O e4 9. d3 Nbd7 10. Bb2 Re8 11. dxe4 fxe4 12. Nf4 a5 13. Qc2 Nc5 14. Ncd5 Ng4 15. Bxg7 Kxg7 16. a3 c6 17. b4 axb4 18. axb4 Rxa1 19. Rxa1 Na6 20. b5 Nc5 21. bxc6 bxc6 22. Ra7+ Bd7 23. Bh3 Nf6 24. Nxf6 Kxf6 25. Qb2+ Re5 26. Bxd7 Nxd7 27. Qb7 Re7 28. Qxc6 Ne5 29. Nd5+ Kg5 30. Qa6 Rxa7 31. Qxa7 Qd7 32. h4+ Kh6 33. Qb8 Nf3+ 34. Kg2 Nxh4+ 35. Kf1 Nf5 36. Qf8+ Qg7 37. Qd8 Qa1+ 38. Kg2 Qd1 39. Qf8+ Kg5 40. Qd8+ Kh6 41. Qf8+ Kg5 42. Qf6+ Kg4 43. Qe6 Qf3+ 44. Kg1 Kh3 45. Nf4+ Kg4 46. Nd5 Kh3 47. Nf4+ Kg4 48. Nd5 1/2-1/2

[Event "Marshall CC FIDE Premier January 2024"]
[Site "New York"]
[Date "2024.01.06"]
[Round "1.4"]
[White "Mottola, Max"]
[Black "Yoo, Eugene"]
[Result "0-1"]
[ECO "D00"]
[WhiteElo "1977"]
[BlackElo "2168"]
[Annotator "RC"]
[PlyCount "64"]
[EventDate "2024.01.05"]
[EventType "swiss"]
[EventCountry "USA"]
[SourceTitle "playchess.com"]
[Source "ChessBase"]
[SourceQuality "1"]
[TimeControl "5400+30"]

1. d4 Nf6 2. Nc3 d5 3. Bf4 a6 4. e3 b5 5. h4 c5 6. dxc5 Nc6 7. Nf3 Bg4 8. Be2 b4 9. Na4 Qa5 10. b3 Bxf3 11. Bxf3 e6 12. Nb6 Ra7 13. Nc8 Rd7 14. Nd6+ Kd8 15. e4 Qxc5 16. exd5 Nd4 17. dxe6 Rxd6 18. Bxd6 Qc3+ 19. Kf1 Bxd6 20. exf7 Ke7 21. Rh3 Be5 22. Be2 Qc5 23. Bd3 Rd8 24. Qe1 Kxf7 25. Rd1 Re8 26. Re3 Ng4 27. Rh3 Bf4 28. Be4 Nxc2 29. Qe2 Rxe4 30. Qxg4 Qb5+ 31. Rhd3 Qxd3+ 32. Rxd3 Re1# 0-1

[Event "Marshall CC FIDE Premier January 2024"]
[Site "New York"]
[Date "2024.01.06"]
[Round "1.5"]
[White "Johnston, Daniel"]
[Black "Subervi, Jonathan Sigfredo"]
[Result "1-0"]
[ECO "C00"]
[WhiteElo "2066"]
[BlackElo "2019"]
[Annotator "RC"]
[PlyCount "73"]
[EventDate "2024.01.05"]
[EventType "swiss"]
[EventCountry "USA"]
[SourceTitle "playchess.com"]
[Source "ChessBase"]
[SourceQuality "1"]
[TimeControl "5400+30"]

1. e4 c5 2. Nf3 e6 3. d3 Nc6 4. g3 d5 5. Nbd2 Nf6 6. Bg2 Be7 7. O-O O-O 8. e5 Ne8 9. c3 Nc7 10. Re1 b5 11. Nf1 Ba6 12. h4 b4 13. N1h2 Rb8 14. Ng5 h6 15. Ngf3 bxc3 16. bxc3 f5 17. exf6 Bxf6 18. d4 cxd4 19. cxd4 Re8 20. Ng4 Nb5 21. Nxf6+ Qxf6 22. Bf4 Rb6 23. Ne5 Nxe5 24. Bxe5 Qf5 25. Re3 Rc8 26. Rc1 Rxc1 27. Qxc1 Nxd4 28. Qc7 Qb1+ 29. Kh2 Nf5 30. g4 Rb7 31. Qd8+ Kh7 32. gxf5 Qxf5 33. Bg3 Rb6 34. Rf3 Qg4 35. Rf4 Qe2 36. Rf8 Bb5 37. Bf3 1-0

[Event "Marshall CC FIDE Premier January 2024"]
[Site "New York"]
[Date "2024.01.06"]
[Round "2.1"]
[White "Safranek, William"]
[Black "Bortnyk, Mykola"]
[Result "0-1"]
[ECO "B06"]
[WhiteElo "1908"]
[BlackElo "2421"]
[Annotator "RC"]
[PlyCount "144"]
[EventDate "2024.01.05"]
[EventType "swiss"]
[EventCountry "USA"]
[SourceTitle "playchess.com"]
[Source "ChessBase"]
[SourceQuality "1"]
[TimeControl "5400+30"]

1. e4 g6 2. d4 Bg7 3. Nc3 d6 4. h3 c6 5. a4 a5 6. Be3 Na6 7. f4 Nf6 8. Nf3 Nb4 9. g4 d5 10. e5 Ne4 11. Nxe4 dxe4 12. Nd2 Nd5 13. Qe2 f5 14. exf6 exf6 15. Bg2 O-O 16. c3 f5 17. g5 b6 18. Qf2 Ba6 19. Bf1 b5 20. Nb3 bxa4 21. Nc5 Bxf1 22. Kxf1 Qb6 23. Nxa4 Qb5+ 24. Kg2 Rfb8 25. Rhe1 Bf8 26. Qd2 Bd6 27. Kg3 Qc4 28. Qe2 Qb3 29. Qd1 Qb7 30. Qd2 Qc7 31. Rf1 Rb3 32. Rf2 Rab8 33. Ra2 Rd8 34. Ra1 Qb8 35. h4 Kf7 36. Qe2 Qb5 37. Qd2 h6 38. Nc5 Bxc5 39. dxc5 h5 40. Kh2 Qb8 41. Rd1 Nxe3 42. Qxd8 Qxd8 43. Rxd8 Ng4+ 44. Kg3 Nxf2 45. Kxf2 Rxb2+ 46. Ke3 Rc2 47. Rd7+ Kf8 48. Ra7 Rxc3+ 49. Kd4 Rd3+ 50. Ke5 e3 51. Kf6 Ke8 52. Ra8+ Kd7 53. Rxa5 Rd4 54. Ra7+ Kd8 55. Ra2 Rxf4 56. Kxg6 Rf2 57. Ra8+ Ke7 58. Ra7+ Ke6 59. Kxh5 Rg2 60. Kg6 f4 61. h5 e2 62. Ra8 f3 63. h6 Rh2 64. h7 Kd5 65. Re8 Rh1 66. Kg7 f2 67. h8=Q Rxh8 68. Rxe2 f1=Q 69. Rd2+ Kxc5 70. Kxh8 Qc1 71. Ra2 Kb4 72. Ra6 Qc3+ 0-1

[Event "Marshall CC FIDE Premier January 2024"]
[Site "New York"]
[Date "2024.01.06"]
[Round "2.2"]
[White "Zeltsan, Joseph"]
[Black "Hebbar, Eshaan"]
[Result "1-0"]
[ECO "D02"]
[WhiteElo "2439"]
[BlackElo "2018"]
[Annotator "RC"]
[PlyCount "49"]
[EventDate "2024.01.05"]
[EventType "swiss"]
[EventCountry "USA"]
[SourceTitle "playchess.com"]
[Source "ChessBase"]
[SourceQuality "1"]
[TimeControl "5400+30"]

1. Nf3 d5 2. g3 Nf6 3. Bg2 c5 4. O-O Nc6 5. d4 Bg4 6. c4 Bxf3 7. Bxf3 Nxd4 8. Bg2 e6 9. Nc3 dxc4 10. Bxb7 Rb8 11. Bg2 Qd7 12. Bf4 Rxb2 13. e3 Nf5 14. Rb1 Rb6 15. Qf3 Be7 16. Qa8+ Qd8 17. Qxa7 Rb4 18. a3 Rb3 19. Qa4+ Kf8 20. Qxc4 Rxb1 21. Rxb1 Nd7 22. Rd1 Qc8 23. Qa4 Nb6 24. Qa7 Nc4 25. Rb1 1-0

[Event "Marshall CC FIDE Premier January 2024"]
[Site "New York"]
[Date "2024.01.06"]
[Round "2.4"]
[White "Lin, Bryan Enming"]
[Black "Levin, Anthony"]
[Result "1-0"]
[ECO "C42"]
[WhiteElo "2102"]
[BlackElo "1845"]
[Annotator "RC"]
[PlyCount "101"]
[EventDate "2024.01.05"]
[EventType "swiss"]
[EventCountry "USA"]
[SourceTitle "playchess.com"]
[Source "ChessBase"]
[SourceQuality "1"]
[TimeControl "5400+30"]

1. e4 e5 2. Nf3 Nf6 3. Nc3 Bb4 4. Nxe5 O-O 5. Nd3 Bxc3 6. dxc3 Nxe4 7. Be2 d6 8. O-O Nd7 9. Re1 Re8 10. Bf3 Ndf6 11. Nf4 b6 12. Be3 Bb7 13. c4 a5 14. a4 h6 15. b3 Nc5 16. Bxb7 Nxb7 17. Qf3 Nc5 18. Bd4 Ncd7 19. Rad1 Qc8 20. Nd3 c5 21. Bb2 Qc7 22. Nf4 Rxe1+ 23. Rxe1 Re8 24. Rxe8+ Nxe8 25. Nd5 Qd8 26. Qe4 Nef6 27. Qe7 Qxe7 28. Nxe7+ Kf8 29. Bxf6 Nxf6 30. Nc8 Nd7 31. f3 Ke8 32. Kf2 Kd8 33. Nxd6 Ke7 34. Nf5+ Kf6 35. Ne3 Ke5 36. Nd5 h5 37. h4 Kd4 38. Ke2 g6 39. c3+ Ke5 40. Ke3 Kf5 41. g3 g5 42. hxg5 Kxg5 43. Ke4 f6 44. Ne3 h4 45. f4+ Kh5 46. gxh4 Kxh4 47. Kf5 Kg3 48. Nd5 Kf3 49. Nxf6 Nf8 50. Nd5 Ke2 51. Nxb6 1-0

[Event "Marshall CC FIDE Premier January 2024"]
[Site "New York"]
[Date "2024.01.06"]
[Round "2.5"]
[White "Klein, Ethan"]
[Black "Brain, Logan"]
[Result "0-1"]
[ECO "D91"]
[WhiteElo "1923"]
[BlackElo "2111"]
[Annotator "RC"]
[PlyCount "72"]
[EventDate "2024.01.05"]
[EventType "swiss"]
[EventCountry "USA"]
[SourceTitle "playchess.com"]
[Source "ChessBase"]
[SourceQuality "1"]
[TimeControl "5400+30"]

1. d4 Nf6 2. c4 g6 3. Nc3 d5 4. Bg5 Bg7 5. Nf3 Ne4 6. Bh4 Nxc3 7. bxc3 dxc4 8. e3 b5 9. a4 c6 10. Qb1 a6 11. Be2 O-O 12. O-O Ra7 13. Bxc4 bxc4 14. Qxb8 Rb7 15. Qf4 f6 16. Qe4 Qd6 17. Qc2 Bf5 18. e4 Bg4 19. Qe2 Qe6 20. h3 Bxf3 21. Qxf3 Rb3 22. Bg3 f5 23. e5 Bh6 24. Rfb1 Rfb8 25. Qd1 Qd5 26. Bh4 Qe4 27. Rxb3 cxb3 28. Bxe7 b2 29. Rb1 Bc1 30. Qf1 Qxb1 31. Qc4+ Kg7 32. Bf6+ Kh6 33. Kh2 Bf4+ 34. g3 Bxg3+ 35. Kxg3 Qg1+ 36. Kf3 b1=Q 0-1

[Event "Marshall CC FIDE Premier January 2024"]
[Site "New York"]
[Date "2024.01.07"]
[Round "3.1"]
[White "Bortnyk, Mykola"]
[Black "Lin, Bryan Enming"]
[Result "1-0"]
[ECO "C86"]
[WhiteElo "2421"]
[BlackElo "2102"]
[Annotator "RC"]
[PlyCount "53"]
[EventDate "2024.01.05"]
[EventType "swiss"]
[EventCountry "USA"]
[SourceTitle "playchess.com"]
[Source "ChessBase"]
[SourceQuality "1"]
[TimeControl "5400+30"]

1. e4 e5 2. Nf3 Nc6 3. Bb5 a6 4. Ba4 Nf6 5. O-O Be7 6. Qe2 b5 7. Bb3 O-O 8. c3 d6 9. d4 Bg4 10. Rd1 exd4 11. cxd4 d5 12. exd5 Nb4 13. h3 Bc8 14. Nc3 Bb7 15. Bg5 Re8 16. Re1 h6 17. Bh4 g5 18. Bg3 Nbxd5 19. Ne5 c6 20. Qf3 Qb6 21. Ne4 Kg7 22. h4 Qxd4 23. hxg5 hxg5 24. Rad1 Qxb2 25. Qf5 Rg8 26. Bxd5 cxd5 27. Qxg5+ 1-0

[Event "Marshall CC FIDE Premier January 2024"]
[Site "New York"]
[Date "2024.01.07"]
[Round "3.3"]
[White "Brain, Logan"]
[Black "Uyanga, Byambaa"]
[Result "1-0"]
[ECO "E92"]
[WhiteElo "2111"]
[BlackElo "2046"]
[Annotator "ChessBase"]
[PlyCount "73"]
[EventDate "2024.01.05"]
[EventType "swiss"]
[EventCountry "USA"]
[SourceTitle "playchess.com"]
[Source "ChessBase"]
[SourceQuality "1"]
[TimeControl "5400+30"]

1. d4 Nf6 2. c4 g6 3. Nc3 Bg7 4. e4 d6 5. Nf3 O-O 6. Be2 e5 7. Be3 Ng4 8. Bg5 f6 9. Bc1 Nc6 10. d5 Ne7 11. h3 Nh6 12. g4 Nf7 13. Rg1 c6 14. Be3 cxd5 15. cxd5 Bd7 16. Qb3 Qb8 17. Bb5 Bc8 18. O-O-O a6 19. Bd3 b5 20. Kb1 Bh6 21. Bxh6 Nxh6 22. Rc1 Bd7 23. g5 fxg5 24. Nxe5 Bxh3 25. Rh1 g4 26. Nd7 Qa7 27. Nxf8 Rxf8 28. e5 Qd4 29. Rcd1 Qxe5 30. Rhe1 Qg7 31. Ne4 Bg2 32. Nxd6 Rxf2 33. Ne4 Bxe4 34. Bxe4 Nf7 35. d6 Nf5 36. Bxf5 gxf5 37. Re8+ 1-0

[Event "Marshall CC FIDE Premier January 2024"]
[Site "New York"]
[Date "2024.01.07"]
[Round "3.4"]
[White "Ho, Carter"]
[Black "Nkululeko, Nkosi"]
[Result "1/2-1/2"]
[ECO "C55"]
[WhiteElo "2180"]
[BlackElo "1867"]
[Annotator "RC"]
[PlyCount "80"]
[EventDate "2024.01.05"]
[EventType "swiss"]
[EventCountry "USA"]
[SourceTitle "playchess.com"]
[Source "ChessBase"]
[SourceQuality "1"]
[TimeControl "5400+30"]

1. e4 e5 2. Nf3 Nc6 3. Bc4 Nf6 4. d3 Be7 5. O-O O-O 6. Re1 d6 7. a4 Bg4 8. h3 Bd7 9. c3 Na5 10. Ba2 Qe8 11. b4 Nc6 12. Nbd2 Kh8 13. b5 Na5 14. d4 Bd8 15. Ba3 Be7 16. Bb4 b6 17. Bxa5 bxa5 18. Nc4 Nxe4 19. Rxe4 f5 20. Re1 e4 21. Nfd2 Bh4 22. Nxa5 Qg6 23. Bd5 Rae8 24. Bc6 Bxc6 25. Nxc6 h5 26. Qc2 Rf6 27. Qd1 f4 28. Nxe4 Rxe4 29. Re2 Re3 30. Rxe3 f3 31. Re4 Qf5 32. Qf1 Qxe4 33. g3 Bxg3 34. fxg3 f2+ 35. Kh2 h4 36. g4 Qf4+ 37. Kh1 Qe4+ 38. Kh2 Qf4+ 39. Kh1 Qe4+ 40. Kh2 Qf4+ 1/2-1/2

[Event "Marshall CC FIDE Premier January 2024"]
[Site "New York"]
[Date "2024.01.07"]
[Round "3.5"]
[White "Chin, Spencer"]
[Black "Hoffman, Luc"]
[Result "1-0"]
[ECO "A50"]
[WhiteElo "1919"]
[BlackElo "2068"]
[Annotator "ChessBase"]
[PlyCount "190"]
[EventDate "2024.01.05"]
[EventType "swiss"]
[EventCountry "USA"]
[SourceTitle "playchess.com"]
[Source "ChessBase"]
[SourceQuality "1"]
[TimeControl "5400+30"]

1. d4 Nf6 2. c4 b6 3. Nc3 Bb7 4. f3 d5 5. cxd5 Nxd5 6. e4 Nxc3 7. bxc3 e6 8. Bb5+ Nd7 9. Ne2 a6 10. Bd3 e5 11. f4 exd4 12. cxd4 Nf6 13. e5 Ne4 14. Bxe4 Bxe4 15. O-O Qd7 16. Nc3 Bb7 17. Be3 O-O-O 18. Qb3 g6 19. Rac1 h5 20. d5 Kb8 21. d6 Bxd6 22. exd6 Qxd6 23. Rfd1 Qe7 24. Re1 Qd6 25. a4 Qc6 26. Qb2 Qf6 27. a5 b5 28. Na4 Qxb2 29. Nxb2 Rhe8 30. Kf2 Re6 31. Rcd1 Rd4 32. Rd3 Rxd3 33. Rd1 Kc8 34. Nxd3 Rd6 35. Rd2 Kd8 36. Nc5 Bc8 37. Rxd6+ cxd6 38. Nd3 Bb7 39. Nb4 Kd7 40. g3 Ke6 41. Bb6 Kf5 42. Bc7 d5 43. Ke3 Kg4 44. Kd4 Kh3 45. Bd8 Kxh2 46. Bh4 f6 47. f5 gxf5 48. Ke3 Kh3 49. Kf4 Bc8 50. Nxd5 Kg2 51. Bxf6 Kf2 52. Be5 Ke2 53. Ne7 Bd7 54. Nxf5 Kd3 55. Ne3 b4 56. Nd1 Kc4 57. Nb2+ Kb5 58. Bc7 b3 59. Ke4 Kb4 60. Kd3 Be6 61. Kd2 Bf5 62. Bd8 Bg6 63. Bc7 Bf5 64. Bd8 Bg6 65. Kc1 Bf5 66. Bc7 Bg6 67. Bd8 Bf5 68. Nd1 Bg4 69. Ne3 Be6 70. Kb2 Bf7 71. Bc7 Be6 72. Bd8 Bf7 73. Nf5 Bg8 74. Bc7 Bd5 75. Bd8 Bg8 76. Nd4 Bd5 77. Bc7 Bc4 78. Bd8 Bd5 79. Bb6 Ka4 80. Bd8 Kb4 81. Bb6 Ka4 82. Ne2 Kb4 83. Bd8 Bf7 84. Bb6 Ka4 85. Nf4 Kb5 86. Nd3 Bc4 87. Nc5 Kb4 88. Nd7 Be6 89. Ne5 Ka4 90. Bc7 Kb4 91. Bd8 Bd5 92. Bc7 Bg8 93. Bb6 Be6 94. Nd3+ Kc4 95. Nc5 Kd5 1-0

[Event "Marshall CC FIDE Premier January 2024"]
[Site "New York"]
[Date "2024.01.07"]
[Round "4.1"]
[White "Bortnyk, Mykola"]
[Black "Zeltsan, Joseph"]
[Result "1-0"]
[ECO "B22"]
[WhiteElo "2421"]
[BlackElo "2439"]
[Annotator "RC"]
[PlyCount "94"]
[EventDate "2024.01.05"]
[EventType "swiss"]
[EventCountry "USA"]
[SourceTitle "playchess.com"]
[Source "ChessBase"]
[SourceQuality "1"]
[TimeControl "5400+30"]

1. e4 c5 2. c3 Nf6 3. e5 Nd5 4. Bc4 e6 5. Nf3 d6 6. O-O dxe5 7. Nxe5 Bd6 8. d4 O-O 9. Nd2 Qc7 10. Ne4 Be7 11. Bb3 cxd4 12. cxd4 Nc6 13. Nxc6 Qxc6 14. Qf3 Rd8 15. Be3 b6 16. Rac1 Qe8 17. Bxd5 exd5 18. Ng3 Be6 19. Nh5 f6 20. Rfe1 Bb4 21. Re2 Qf7 22. a3 Bf8 23. Rce1 Bd7 24. Bd2 Re8 25. Nf4 Rxe2 26. Rxe2 Bc6 27. Bb4 Re8 28. Bxf8 Kxf8 29. h4 Rxe2 30. Qxe2 Qe7 31. Qc2 Qd6 32. g3 Kg8 33. Qf5 Bd7 34. Qxd5+ Qxd5 35. Nxd5 Kf7 36. Ne3 Ke6 37. f4 Kd6 38. Kf2 f5 39. h5 Ke6 40. g4 fxg4 41. Kg3 Kd6 42. f5 Bc8 43. Kf4 Ke7 44. Nxg4 Kd6 45. f6 gxf6 46. Nxf6 h6 47. Ng8 Kd5 1-0

[Event "Marshall CC FIDE Premier January 2024"]
[Site "New York"]
[Date "2024.01.07"]
[Round "4.2"]
[White "Bonin, Jay"]
[Black "Brain, Logan"]
[Result "1/2-1/2"]
[ECO "D85"]
[WhiteElo "2166"]
[BlackElo "2111"]
[Annotator "RC"]
[PlyCount "78"]
[EventDate "2024.01.05"]
[EventType "swiss"]
[EventCountry "USA"]
[SourceTitle "playchess.com"]
[Source "ChessBase"]
[SourceQuality "1"]
[TimeControl "5400+30"]

1. d4 Nf6 2. Nf3 g6 3. c4 Bg7 4. Nc3 d5 5. cxd5 Nxd5 6. e4 Nxc3 7. bxc3 c5 8. Bb5+ Nc6 9. O-O O-O 10. Be3 Qa5 11. Qa4 Qxa4 12. Bxa4 cxd4 13. cxd4 Bd7 14. Rab1 b6 15. Rfc1 Rac8 16. d5 Ne5 17. Nxe5 Bxa4 18. Nc6 Bxc6 19. Rxc6 Rxc6 20. dxc6 Rc8 21. Rd1 Be5 22. Rd7 Bd6 23. e5 Bxe5 24. Rxe7 Bd6 25. Rd7 Rxc6 26. Bh6 Bc7 27. Kf1 g5 28. Bxg5 Kg7 29. h4 b5 30. Be3 a5 31. Bd4+ Kf8 32. Rd5 Bb6 33. Bxb6 Rxb6 34. Rd8+ Ke7 35. Ra8 a4 36. Ke2 Rc6 37. Kd2 Rd6+ 38. Kc3 Rc6+ 39. Kd2 Rd6+ 1/2-1/2

[Event "Marshall CC FIDE Premier January 2024"]
[Site "New York"]
[Date "2024.01.07"]
[Round "4.3"]
[White "Lin, Bryan Enming"]
[Black "Hebbar, Eshaan"]
[Result "0-1"]
[ECO "C47"]
[WhiteElo "2102"]
[BlackElo "2018"]
[Annotator "RC"]
[PlyCount "120"]
[EventDate "2024.01.05"]
[EventType "swiss"]
[EventCountry "USA"]
[SourceTitle "playchess.com"]
[Source "ChessBase"]
[SourceQuality "1"]
[TimeControl "5400+30"]

1. e4 e5 2. Nf3 Nc6 3. Nc3 Nf6 4. d4 exd4 5. Nxd4 Bb4 6. Nxc6 bxc6 7. Bd3 d5 8. exd5 cxd5 9. O-O O-O 10. h3 h6 11. Qf3 c6 12. Bf4 Re8 13. Ne2 Bd6 14. Rad1 Be6 15. b3 Bxf4 16. Nxf4 Qc7 17. c4 Rad8 18. Rfe1 d4 19. c5 Bc8 20. Bc4 Re5 21. Ng6 Rxc5 22. Re7 Qd6 23. Bxf7+ Kh7 24. Ree1 d3 25. Nf4 d2 26. Bg6+ Kh8 27. Re3 Rc1 28. Rd3 Qc7 29. R3xd2 Rxd2 30. Rxc1 Bd7 31. Bc2 Qd6 32. Nd3 Qd4 33. Nf4 Qb2 34. Ng6+ Kg8 35. Ne7+ Kf8 36. Ng6+ Kf7 37. Re1 Qxc2 38. Ne5+ Kg8 39. Nc4 Rd3 40. Qf4 Rd1 41. Rxd1 Qxd1+ 42. Kh2 Kh7 43. Qe3 a6 44. Ne5 Qd6 45. g3 Bf5 46. Nc4 Qd3 47. Qf4 Be4 48. Nd2 Bd5 49. g4 Qe2 50. Qf5+ Kh8 51. Qf4 Qe1 52. f3 Qf2+ 53. Kh1 a5 54. Qb8+ Ng8 55. Qf4 Ne7 56. Ne4 Qf1+ 57. Kh2 Ng6 58. Qf5 Nh4 59. Qf8+ Kh7 60. Kg3 Bxe4 0-1

[Event "Marshall CC FIDE Premier January 2024"]
[Site "New York"]
[Date "2024.01.07"]
[Round "4.4"]
[White "Marsh, James J"]
[Black "Oh, James Y"]
[Result "0-1"]
[ECO "E05"]
[WhiteElo "1987"]
[BlackElo "2015"]
[Annotator "RC"]
[PlyCount "64"]
[EventDate "2024.01.05"]
[EventType "swiss"]
[EventCountry "USA"]
[SourceTitle "playchess.com"]
[Source "ChessBase"]
[SourceQuality "1"]
[TimeControl "5400+30"]

1. Nf3 d5 2. g3 Nf6 3. Bg2 e6 4. O-O Be7 5. c4 O-O 6. d4 dxc4 7. Qc2 b5 8. a4 b4 9. Nfd2 Nd5 10. Nxc4 c5 11. dxc5 Bxc5 12. Ne3 Bxe3 13. Bxe3 Ba6 14. Rd1 Nd7 15. Bxd5 exd5 16. Rd4 Rc8 17. Qd1 Qe7 18. Nd2 Nb6 19. Nf1 Bb7 20. a5 Nc4 21. b3 Na3 22. Rc1 Rxc1 23. Qxc1 Nb5 24. Rd2 Nc3 25. Qb2 Ba6 26. Bd4 Nxe2+ 27. Kg2 Nc3 28. Bxc3 Qe4+ 29. f3 Bxf1+ 30. Kf2 bxc3 31. Qxc3 Qb1 32. Qd4 Ba6 0-1

[Event "Marshall CC FIDE Premier January 2024"]
[Site "New York"]
[Date "2024.01.07"]
[Round "4.5"]
[White "Li, Michael"]
[Black "Roberts, Aston"]
[Result "1-0"]
[ECO "B31"]
[WhiteElo "2016"]
[BlackElo "1768"]
[Annotator "RC"]
[PlyCount "114"]
[EventDate "2024.01.05"]
[EventType "swiss"]
[EventCountry "USA"]
[SourceTitle "playchess.com"]
[Source "ChessBase"]
[SourceQuality "1"]
[TimeControl "5400+30"]

1. e4 c5 2. Nf3 Nc6 3. Bb5 g6 4. Bxc6 dxc6 5. h3 e5 6. d3 f6 7. a4 a5 8. Be3 b6 9. Qd2 Qc7 10. Na3 Be6 11. b3 Bg7 12. O-O g5 13. Nh2 Ne7 14. Nc4 h6 15. c3 Rd8 16. Rfd1 f5 17. f3 fxe4 18. fxe4 Ng6 19. Qe2 Nf4 20. Bxf4 exf4 21. e5 O-O 22. Re1 Bxc4 23. bxc4 Rde8 24. Nf3 g4 25. hxg4 Qc8 26. d4 Qxg4 27. Nh2 Qxe2 28. Rxe2 cxd4 29. cxd4 c5 30. Nf3 cxd4 31. Rd1 Rd8 32. Rxd4 Rxd4 33. Nxd4 Rc8 34. Nf5 Bf8 35. e6 Bc5+ 36. Kh2 Re8 37. Kh3 Kh7 38. Kg4 Kg6 39. e7 h5+ 40. Kxf4 Kf6 41. Re5 Bb4 42. Ke4 Kf7 43. Kd5 Kf6 44. Nd6 Rxe7 45. Rxe7 Kxe7 46. Nc8+ Kd7 47. Nxb6+ Kc7 48. c5 Be1 49. Nc4 h4 50. Nd6 Bg3 51. Nc4 Be1 52. Ne5 Bg3 53. Nf3 Bf2 54. Kc4 Kd7 55. Kb5 Ke6 56. c6 Kd6 57. Nd2 Kd5 1-0

[Event "Marshall CC FIDE Premier January 2024"]
[Site "New York"]
[Date "2024.01.08"]
[Round "5.1"]
[White "Brain, Logan"]
[Black "Bortnyk, Mykola"]
[Result "1/2-1/2"]
[ECO "B75"]
[WhiteElo "2111"]
[BlackElo "2421"]
[Annotator "RC"]
[PlyCount "73"]
[EventDate "2024.01.05"]
[EventType "swiss"]
[EventCountry "USA"]
[SourceTitle "playchess.com"]
[Source "ChessBase"]
[SourceQuality "1"]
[TimeControl "5400+30"]

1. e4 c5 2. Nf3 d6 3. d4 Nf6 4. Nc3 cxd4 5. Nxd4 g6 6. Be3 Bg7 7. f3 a6 8. Qd2 h5 9. Be2 Nc6 10. O-O O-O 11. f4 Nxd4 12. Bxd4 b5 13. f5 Bb7 14. fxg6 fxg6 15. Qe3 e5 16. Bb6 Qe7 17. Rad1 Kh7 18. a3 Rac8 19. Qd3 Rc6 20. Be3 Qe6 21. Nd5 Rc4 22. b3 Rcc8 23. c4 bxc4 24. bxc4 Bxd5 25. cxd5 Qd7 26. Rb1 a5 27. Rb5 Qc7 28. Bb6 Qc2 29. Qxc2 Rxc2 30. Bf3 Rb8 31. Rfb1 Ra2 32. Bc7 Rxb5 33. Rxb5 g5 34. Bxd6 g4 35. Rxa5 gxf3 36. gxf3 Ra1+ 37. Kg2 1/2-1/2

[Event "Marshall CC FIDE Premier January 2024"]
[Site "New York"]
[Date "2024.01.08"]
[Round "5.2"]
[White "Zeltsan, Joseph"]
[Black "Li, Michael"]
[Result "1-0"]
[ECO "D74"]
[WhiteElo "2439"]
[BlackElo "2016"]
[Annotator "RC"]
[PlyCount "63"]
[EventDate "2024.01.05"]
[EventType "swiss"]
[EventCountry "USA"]
[SourceTitle "playchess.com"]
[Source "ChessBase"]
[SourceQuality "1"]
[TimeControl "5400+30"]

1. Nf3 d5 2. g3 g6 3. Bg2 Bg7 4. d4 Nf6 5. O-O O-O 6. c4 c6 7. cxd5 Nxd5 8. e4 Nb6 9. h3 N8d7 10. Nc3 e5 11. Bg5 Qe8 12. d5 Nf6 13. Qb3 cxd5 14. exd5 Bf5 15. Rfe1 Nfd7 16. g4 Bd3 17. Rad1 Bc4 18. Qa3 f5 19. Nd2 Ba6 20. d6 fxg4 21. hxg4 Qf7 22. Nce4 h6 23. Qh3 Nc5 24. Nxc5 Qxf2+ 25. Kh1 Qxc5 26. Ne4 Qb4 27. Bxh6 Rf7 28. Ng5 Rd7 29. Bxg7 Rxg7 30. d7 Rd8 31. Rxe5 Qf8 32. Re6 1-0